TOP OF THE 1ST |
Greensboro Grasshoppers batting - Pitching for Augusta GreenJackets : RHP François Leclerc
|
Pitching: RHP François Leclerc
|
|
Batting: RHB Harrie de Kam
|
0-0: Called Strike 0-1: Ball 1-1: SINGLE (Line Drive, 4D, EV 105.0 MPH)
|
Batting: RHB Rafael Irizarry
|
0-0: Ball Harrie de Kam steals 2nd base 1-0: Ball Passed Ball! Harrie de Kam to third 2-0: Called Strike 2-1: Swinging Strike 2-2: Foul Ball, location: 2F 2-2: SINGLE (Flyball, 89S, EV 88.1 MPH) Harrie de Kam scores
|
Batting: RHB Nate Crofts
|
0-0: Ball Rafael Irizarry steals 2nd base 1-0: Swinging Strike 1-1: Ball 2-1: Fly out, F9 (Flyball, 9LD, EV 81.2 MPH) Runner from 2nd tags up, SAFE at 3rd, no throw by RF
|
Batting: LHB Justin Blakely
|
0-0: Fly out, F8 (Flyball, 8RM, EV 74.4 MPH)
|
Batting: RHB Larry LeFever
|
0-0: Ball 1-0: Called Strike 1-1: Ball 2-1: Ball 3-1: Base on Balls
|
Batting: LHB Ryan Thompson
|
0-0: Called Strike 0-1: Foul Ball, location: 2F 0-2: Ball 1-2: Foul Ball, location: 2F 1-2: Ball 2-2: Foul Ball, location: 2F 2-2: Ball 3-2: Foul Ball, location: 2F 3-2: Fly out, F8 (Flyball, 8LS, EV 90.0 MPH)
|
Top of the 1st over - 1 run, 2 hits, 0 errors, 2 left on base; Greensboro 1 - Augusta 0 |
BOTTOM OF THE 1ST |
Augusta GreenJackets batting - Pitching for Greensboro Grasshoppers : LHP Melvin Castro
|
Pitching: LHP Melvin Castro
|
|
Batting: RHB Armando Ramirez
|
0-0: Ball 1-0: Ground out 5-3 (Groundball, 5, EV 78.8 MPH)
|
Batting: RHB Ryan Roberts
|
0-0: Ball 1-0: Ball 2-0: Bunted foul 2-1: Ball 3-1: Ground out 6-3 (Groundball, 6, EV 93.1 MPH)
|
Batting: RHB Tony Harper
|
0-0: Ball 1-0: Foul Ball, location: 2F 1-1: Ground out U3 (Groundball, 34S, EV 80.0 MPH)
|
Bottom of the 1st over - 0 runs, 0 hits, 0 errors, 0 left on base; Greensboro 1 - Augusta 0 |
TOP OF THE 2ND |
Greensboro Grasshoppers batting - Pitching for Augusta GreenJackets : RHP François Leclerc
|
Batting: RHB J.D. Vander Klok
|
0-0: Called Strike 0-1: Called Strike 0-2: Ball 1-2: Ground out 4-3 (Groundball, 4, EV 90.0 MPH)
|
Batting: RHB Chris Alft
|
0-0: Swinging Strike 0-1: Foul Ball, location: 2F 0-2: Ball 1-2: Foul Ball, location: 2F 1-2: Ball 2-2: Ground out 1-3 (Groundball, P, EV 72.5 MPH)
|
Batting: LHB Jose Cabello
|
0-0: Called Strike 0-1: Swinging Strike 0-2: Ball 1-2: Fly out, F3 (Line Drive, 34, EV 63.8 MPH)
|
Top of the 2nd over - 0 runs, 0 hits, 0 errors, 0 left on base; Greensboro 1 - Augusta 0 |
BOTTOM OF THE 2ND |
Augusta GreenJackets batting - Pitching for Greensboro Grasshoppers : LHP Melvin Castro
|
Batting: RHB Zach Maguire
|
0-0: Called Strike 0-1: Ball 1-1: Swinging Strike 1-2: Strikes out swinging
|
Batting: LHB Alex Larangho
|
0-0: Called Strike 0-1: Fly out, F8 (Flyball, 89D, EV 86.2 MPH)
|
Batting: RHB Harry Dickson
|
0-0: Ground out 5-3 (Groundball, 56S, EV 93.1 MPH)
|
Bottom of the 2nd over - 0 runs, 0 hits, 0 errors, 0 left on base; Greensboro 1 - Augusta 0 |
TOP OF THE 3RD |
Greensboro Grasshoppers batting - Pitching for Augusta GreenJackets : RHP François Leclerc
|
Batting: RHB Harrie de Kam
|
0-0: Ball 1-0: SINGLE (Groundball, 56D, EV 86.2 MPH) (infield hit)
|
Batting: RHB Rafael Irizarry
|
0-0: Foul Ball, location: 2F 0-1: Ball 1-1: Ball 2-1: Reached on error, E4 (Groundball, 4M, EV 80.6 MPH) Harrie de Kam to second
|
Batting: RHB Nate Crofts
|
0-0: Ball 1-0: Swinging Strike 1-1: Called Strike Harrie de Kam steals 3rd base Rafael Irizarry to second 1-2: Strikes out looking
|
Batting: LHB Justin Blakely
|
0-0: SINGLE (Groundball, 34D, EV 98.1 MPH) Harrie de Kam scores Rafael Irizarry to third Runner from 3rd tries for Home, throw by RF and OUT! 9-2 Justin Blakely to second
|
Batting: RHB Larry LeFever
|
0-0: Ball 1-0: Called Strike 1-1: Ball 2-1: Ball 3-1: Foul Ball, location: 2F 3-2: Foul Ball, location: 2F 3-2: Ground out 5-3 (Groundball, 56S, EV 80.6 MPH)
|
Top of the 3rd over - 1 run, 2 hits, 1 error, 1 left on base; Greensboro 2 - Augusta 0 |
BOTTOM OF THE 3RD |
Augusta GreenJackets batting - Pitching for Greensboro Grasshoppers : LHP Melvin Castro
|
Batting: RHB David Bibian
|
0-0: Ground out 5-3 (Groundball, 5, EV 75.6 MPH)
|
Batting: RHB Tsugio Yamaguchi
|
0-0: Called Strike 0-1: Ball 1-1: Ground out 6-3 (Groundball, 4MS, EV 54.4 MPH)
|
Batting: RHB Chris Kulik
|
0-0: Ball 1-0: Swinging Strike 1-1: Ball 2-1: Ball 3-1: Base on Balls
|
Batting: RHB Armando Ramirez
|
0-0: Fly out, F8 (Flyball, 8LXD, EV 84.4 MPH)
|
Bottom of the 3rd over - 0 runs, 0 hits, 0 errors, 1 left on base; Greensboro 2 - Augusta 0 |
TOP OF THE 4TH |
Greensboro Grasshoppers batting - Pitching for Augusta GreenJackets : RHP François Leclerc
|
Batting: LHB Ryan Thompson
|
0-0: Foul Ball, location: 2F 0-1: Foul Ball, location: 2F 0-2: Ball 1-2: Fly out, F4 (Line Drive, 4M, EV 68.8 MPH)
|
Batting: RHB J.D. Vander Klok
|
0-0: Ball 1-0: Ball 2-0: Ground out 6-3 (Groundball, 6, EV 106.9 MPH)
|
Batting: RHB Chris Alft
|
0-0: Called Strike 0-1: Ball 1-1: Foul Ball, location: 2F 1-2: Strikes out swinging
|
Top of the 4th over - 0 runs, 0 hits, 0 errors, 0 left on base; Greensboro 2 - Augusta 0 |
BOTTOM OF THE 4TH |
Augusta GreenJackets batting - Pitching for Greensboro Grasshoppers : LHP Melvin Castro
|
Batting: RHB Ryan Roberts
|
0-0: Called Strike 0-1: Ball 1-1: Ball 2-1: Fly out, F9 (Flyball, 9, EV 93.1 MPH)
|
Batting: RHB Tony Harper
|
0-0: Ball 1-0: Called Strike 1-1: Ball 2-1: TRIPLE (Flyball, 78XD, EV 90.6 MPH)
|
Batting: RHB Zach Maguire
|
0-0: Ball 1-0: Foul Ball, location: 2F 1-1: SINGLE (Line Drive, 34D, EV 101.2 MPH) Tony Harper scores
|
Batting: LHB Alex Larangho
|
0-0: Ball 1-0: Swinging Strike 1-1: Foul Ball, location: 2F 1-2: Foul Ball, location: 2F 1-2: Ball 2-2: Ball Wild Pitch! Zach Maguire to second 3-2: Base on Balls
|
Batting: RHB Harry Dickson
|
0-0: Ball 1-0: Called Strike 1-1: Swinging Strike 1-2: Fielders Choice at 2nd, 6-4 (Groundball, 6D, EV 86.2 MPH) Zach Maguire to third
|
Batting: RHB David Bibian
|
0-0: Foul Ball, location: 2F 0-1: Called Strike 0-2: Ball 1-2: Foul Ball, location: 2F 1-2: Strikes out swinging
|
Bottom of the 4th over - 1 run, 2 hits, 0 errors, 2 left on base; Greensboro 2 - Augusta 1 |
TOP OF THE 5TH |
Greensboro Grasshoppers batting - Pitching for Augusta GreenJackets : RHP François Leclerc
|
Batting: LHB Jose Cabello
|
0-0: Ball 1-0: Ball 2-0: Foul Ball, location: 2F 2-1: Foul Ball, location: 2F 2-2: Ball 3-2: Base on Balls
|
Pitching: LHP Ricky Coats
|
|
Batting: RHB Harrie de Kam
|
0-0: Ball Pickoff Throw to First - Error! E1 Jose Cabello to second 1-0: Ball 2-0: Swinging Strike 2-1: Called Strike 2-2: Ground out 5-3 (Groundball, 56S, EV 85.6 MPH)
|
Batting: RHB Rafael Irizarry
|
0-0: Swinging Strike 0-1: Ball 1-1: SINGLE (Flyball, 6D, EV 95.6 MPH) Jose Cabello to third
|
Batting: RHB Nate Crofts
|
0-0: Called Strike 0-1: Ball 1-1: Ball 2-1: Ball 3-1: Foul Ball, location: 2F 3-2: DOUBLE (Groundball, 5L, EV 101.2 MPH) Jose Cabello scores Rafael Irizarry to third Runner from 3rd tries for Home, SAFE, throw by LF to home
|
Batting: LHB Justin Blakely
|
0-0: Ground out 6-3 (Groundball, 6M, EV 76.9 MPH) Nate Crofts to third
|
Batting: RHB Larry LeFever
|
0-0: Ball 1-0: Swinging Strike 1-1: Ball 2-1: Ball 3-1: Fly out, F8 (Flyball, 8RM, EV 80.6 MPH)
|
Top of the 5th over - 2 runs, 2 hits, 1 error, 1 left on base; Greensboro 4 - Augusta 1 |
BOTTOM OF THE 5TH |
Augusta GreenJackets batting - Pitching for Greensboro Grasshoppers : LHP Melvin Castro
|
Batting: RHB Tsugio Yamaguchi
|
0-0: Called Strike 0-1: Ball 1-1: Ground out 6-3 (Groundball, 56D, EV 106.9 MPH)
|
Batting: RHB Chris Kulik
|
0-0: Swinging Strike 0-1: Foul Ball, location: 2F 0-2: Strikes out swinging
|
Batting: RHB Armando Ramirez
|
0-0: Foul Ball, location: 2F 0-1: Foul Ball, location: 2F 0-2: Ball 1-2: Ball 2-2: Strikes out swinging
|
Bottom of the 5th over - 0 runs, 0 hits, 0 errors, 0 left on base; Greensboro 4 - Augusta 1 |
TOP OF THE 6TH |
Greensboro Grasshoppers batting - Pitching for Augusta GreenJackets : LHP Ricky Coats
|
Batting: LHB Ryan Thompson
|
0-0: Called Strike 0-1: Ball 1-1: Ball 2-1: Called Strike 2-2: Ball 3-2: Base on Balls
|
Pitching: RHP Hiroaki Yazawa
|
|
Batting: RHB J.D. Vander Klok
|
0-0: Called Strike 0-1: Ball 1-1: Called Strike 1-2: Fly out, F8 (Flyball, 89D, EV 90.6 MPH)
|
Batting: RHB Chris Alft
|
0-0: Called Strike 0-1: Ball 1-1: Ball 2-1: Ball 3-1: Base on Balls Ryan Thompson to second
|
Batting: LHB Jose Cabello
|
0-0: Ball 1-0: Called Strike 1-1: SINGLE (Groundball, 34S, EV 65.6 MPH) (infield hit) Ryan Thompson to third Chris Alft to second
|
Batting: RHB Harrie de Kam
|
0-0: Ball 1-0: Called Strike 1-1: Foul Ball, location: 2F 1-2: Ball 2-2: Foul Ball, location: 2F 2-2: Strikes out swinging
|
Batting: RHB Rafael Irizarry
|
0-0: Fly out, F3 (Popup, 3F, EV 80.0 MPH)
|
Top of the 6th over - 0 runs, 1 hit, 0 errors, 3 left on base; Greensboro 4 - Augusta 1 |
BOTTOM OF THE 6TH |
Augusta GreenJackets batting - Pitching for Greensboro Grasshoppers : LHP Melvin Castro
|
Batting: RHB Ryan Roberts
|
0-0: Ball 1-0: Called Strike 1-1: Swinging Strike 1-2: Foul Ball, location: 2F 1-2: Foul Ball, location: 2F 1-2: Ball 2-2: Strikes out swinging
|
Batting: RHB Tony Harper
|
0-0: Called Strike 0-1: Ball 1-1: Ball 2-1: Ball 3-1: Fly out, F8 (Flyball, 78S, EV 94.4 MPH)
|
Batting: RHB Zach Maguire
|
0-0: Ball 1-0: SINGLE (Groundball, 34D, EV 102.5 MPH)
|
Batting: LHB Alex Larangho
|
0-0: Called Strike 0-1: Ball 1-1: Ball 2-1: Ball 3-1: Called Strike 3-2: Foul Ball, location: 2F 3-2: Base on Balls Zach Maguire to second
|
Batting: RHB Harry Dickson
|
0-0: Called Strike 0-1: Ground out U3 (Groundball, 34, EV 92.5 MPH)
|
Bottom of the 6th over - 0 runs, 1 hit, 0 errors, 2 left on base; Greensboro 4 - Augusta 1 |
TOP OF THE 7TH |
Greensboro Grasshoppers batting - Pitching for Augusta GreenJackets : RHP Hiroaki Yazawa
|
Pitching: RHP Kyle Rindels
|
|
Batting: RHB Nate Crofts
|
0-0: Called Strike 0-1: Ball 1-1: Swinging Strike 1-2: Ball 2-2: Foul Ball, location: 2F 2-2: Strikes out swinging
|
Batting: LHB Justin Blakely
|
0-0: SINGLE (Line Drive, 7LS, EV 89.4 MPH)
|
Batting: RHB Larry LeFever
|
0-0: Ball 1-0: Foul Ball, location: 2F 1-1: Called Strike 1-2: Ball 2-2: Ball 3-2: Foul Ball, location: 2F 3-2: Foul Ball, location: 2F 3-2: Foul Ball, location: 2F 3-2: Base on Balls Justin Blakely to second
|
Batting: LHB Ryan Thompson
|
0-0: Ball 1-0: Called Strike 1-1: Ball 2-1: Foul Ball, location: 2F 2-2: Foul Ball, location: 2F 2-2: Strikes out swinging
|
Batting: RHB J.D. Vander Klok
|
0-0: Called Strike 0-1: Foul Ball, location: 2F 0-2: Strikes out swinging
|
Top of the 7th over - 0 runs, 1 hit, 0 errors, 2 left on base; Greensboro 4 - Augusta 1 |
BOTTOM OF THE 7TH |
Augusta GreenJackets batting - Pitching for Greensboro Grasshoppers : LHP Melvin Castro
|
Batting: RHB David Bibian
|
0-0: Ground out 4-3 (Groundball, 4, EV 97.5 MPH)
|
Batting: RHB Tsugio Yamaguchi
|
0-0: Called Strike 0-1: Ball 1-1: Ball 2-1: Ball 3-1: Base on Balls
|
Pitching: RHP Bill Padgett
|
|
Batting: RHB Chris Kulik
|
0-0: Ball 1-0: Foul Ball, location: 2F 1-1: Ball 2-1: Swinging Strike 2-2: Strikes out swinging
|
Batting: RHB Armando Ramirez
|
0-0: Ball 1-0: Ball 2-0: Fielders Choice at 2nd, 6-4 (Groundball, 6MD, EV 106.9 MPH)
|
Bottom of the 7th over - 0 runs, 0 hits, 0 errors, 1 left on base; Greensboro 4 - Augusta 1 |
TOP OF THE 8TH |
Greensboro Grasshoppers batting - Pitching for Augusta GreenJackets : RHP Kyle Rindels
|
Batting: RHB Chris Alft
|
0-0: Ball 1-0: SOLO HOME RUN (Flyball, 7D, EV 103.1 MPH), Distance : 377 ft
|
Batting: LHB Jose Cabello
|
0-0: Called Strike 0-1: Foul Ball, location: 2F 0-2: Foul Ball, location: 2F 0-2: Ball 1-2: Ground out U3 (Groundball, 34S, EV 70.0 MPH)
|
Batting: RHB Harrie de Kam
|
0-0: Ball 1-0: Foul Ball, location: 2F 1-1: Called Strike 1-2: Foul Ball, location: 2F 1-2: Ball 2-2: Foul Ball, location: 2F 2-2: Ball 3-2: Strikes out swinging
|
Batting: RHB Rafael Irizarry
|
0-0: Called Strike 0-1: Swinging Strike 0-2: Fly out, F7 (Flyball, 78M, EV 86.9 MPH)
|
Top of the 8th over - 1 run, 1 hit, 0 errors, 0 left on base; Greensboro 5 - Augusta 1 |
BOTTOM OF THE 8TH |
Augusta GreenJackets batting - Pitching for Greensboro Grasshoppers : RHP Bill Padgett
|
Pitching: RHP Dan Durand
|
|
Batting: RHB Ryan Roberts
|
0-0: Called Strike 0-1: SINGLE (Line Drive, 8LS, EV 106.2 MPH)
|
Batting: RHB Tony Harper
|
0-0: Ball 1-0: Called Strike 1-1: Ball 2-1: SINGLE (Line Drive, 56D, EV 96.9 MPH) Ryan Roberts to second
|
Batting: RHB Zach Maguire
|
0-0: 3-RUN HOME RUN (Flyball, 7LD, EV 93.8 MPH), Distance : 354 ft
|
Pitching: RHP Mike Yorke
|
|
Batting: LHB Alex Larangho
|
0-0: Called Strike 0-1: Swinging Strike 0-2: Ball 1-2: Ball 2-2: Strikes out looking
|
Batting: RHB Harry Dickson
|
0-0: Ball 1-0: Ball 2-0: SINGLE (Groundball, 6D, EV 94.4 MPH)
|
Batting: RHB David Bibian
|
0-0: Ball 1-0: Called Strike 1-1: Called Strike 1-2: Ball 2-2: Foul Ball, location: 2F 2-2: Ball 3-2: Strikes out swinging
|
Batting: RHB Tsugio Yamaguchi
|
0-0: Foul Ball, location: 2F 0-1: Foul Ball, location: 2F 0-2: Strikes out swinging
|
Bottom of the 8th over - 3 runs, 4 hits, 0 errors, 1 left on base; Greensboro 5 - Augusta 4 |
TOP OF THE 9TH |
Greensboro Grasshoppers batting - Pitching for Augusta GreenJackets : RHP Kyle Rindels
|
Pitching: RHP Mike Flynn
|
|
Pinch Hitting: LHB Ryan Karg
|
0-0: Called Strike 0-1: Ground out U3 (Groundball, 34, EV 95.0 MPH)
|
Batting: LHB Justin Blakely
|
0-0: Called Strike 0-1: Called Strike 0-2: Ball 1-2: Ground out U3 (Groundball, 3S, EV 78.8 MPH)
|
Batting: RHB Larry LeFever
|
0-0: Foul Ball, location: 2F 0-1: Foul Ball, location: 2F 0-2: SINGLE (Flyball, 8RS, EV 97.5 MPH)
|
Batting: LHB Ryan Thompson
|
0-0: Called Strike Larry LeFever is caught stealing 2nd base 2-6
|
Top of the 9th over - 0 runs, 1 hit, 0 errors, 0 left on base; Greensboro 5 - Augusta 4 |
BOTTOM OF THE 9TH |
Augusta GreenJackets batting - Pitching for Greensboro Grasshoppers : RHP Mike Yorke
|
Pitching: RHP Felix Moreno
|
|
Now at 1B: Nick Dunton
|
|
Now at 3B: Dennis Coppolino
|
|
Pinch Hitting: LHB Chris West
|
0-0: Called Strike 0-1: Ball 1-1: Called Strike 1-2: Ball 2-2: Foul Ball, location: 2F 2-2: Foul Ball, location: 2F 2-2: Ball 3-2: Ground out 4-3 (Groundball, 13, EV 83.1 MPH)
|
Batting: RHB Armando Ramirez
|
0-0: Ball 1-0: Called Strike 1-1: Foul Ball, location: 2F 1-2: Ball 2-2: Ball 3-2: Strikes out swinging
|
Batting: RHB Ryan Roberts
|
0-0: Ball 1-0: Ball 2-0: Called Strike 2-1: Fly out, F9 (Line Drive, 9, EV 95.6 MPH)
|
Bottom of the 9th over - 0 runs, 0 hits, 0 errors, 0 left on base; Greensboro 5 - Augusta 4 |
|